Map: Persephone LE

Players

IlIlIlIlIlIl

  • Race: Zerg Zerg
  • League: Grandmaster
  • Spawn Location: 11:00

GamerNico - Winner!

  • Race: Terran Terran
  • League: Grandmaster
  • Spawn Location: 7:00

VOD

Have the link to the VOD?

Description

Time

  • Played on: Aug. 19, 2025, 6:31 a.m.
  • Length: 31:33
Show
View Real Time Build Order
Export as new Build Order

IlIlIlIlIlIl Zerg 

Build Orders: Hatch First, Lurkers 

Get SALT Encoding   

  12  0:00  Drone  
  13  0:12  Overlord  
  13  0:17  Drone  
  14  0:30  Drone x2  
  16  0:47  Hatchery  
  16  0:49  Drone  
  16  0:57  Drone x2  
  18  1:11  Extractor  
  18  1:13  Spawning Pool  
  18  1:17  Drone  
  17  1:19  Drone  
  18  1:28  Drone  
  19  1:40  Drone  
  20  1:54  Overlord  
  20  1:59  Queen x2  
  24  2:02  Zergling x4  
  26  2:13  Metabolic Boost  
  26  2:20  Drone  
  27  2:31  Hatchery  
  27  2:35  Drone x2  
  28  2:41  Drone  
  29  2:45  Drone  
  29  2:48  Queen  
  29  2:50  Drone  
  33  2:52  Overlord  
  33  2:57  Drone  
  34  3:02  Drone  
  34  3:04  Drone  
  36  3:06  Overlord  
  36  3:10  Drone x2  
  38  3:23  Drone x2  
  38  3:26  Queen  
  42  3:33  Drone x2  
  44  3:41  Overlord  
  44  3:42  Overlord  
  44  3:43  Drone x2  
  44  3:45  Queen  
  44  3:47  Queen  
  50  3:54  Overlord  
  50  3:55  Drone  
  50  3:56  Drone  
  50  3:58  Drone x2  
  54  4:04  Extractor  
  54  4:06  Drone x4  
  57  4:11  Evolution Chamber  
  57  4:16  Drone x4  
  61  4:17  Drone  
  61  4:26  Lair  
  61  4:28  Drone x5  
  61  4:31  Zergling x4  
  68  4:40  Queen  
  68  4:41  Zergling x8  
  74  4:47  Zerg Ground Armor Level 1  
  72  5:07  Zergling x18  
  71  5:23  Drone x3  
  74  5:30  Overlord  
  74  5:36  Overseer  
  74  5:39  Baneling Nest, Overlord x2  
  74  5:42  Hatchery  
  72  5:43  Overlord x2  
  72  5:46  Extractor  
  72  5:48  Hatchery  
  70  5:50  Overlord, Zergling x2  
  70  5:51  Zergling x12  
  77  6:03  Drone x4  
  81  6:04  Zergling x12  
  87  6:11  Evolution Chamber  
  86  6:20  Drone x4  
  86  6:25  Centrifugal Hooks, Baneling x6  
  90  6:27  Zergling x4  
  90  6:28  Queen, Baneling x9  
  90  6:29  Queen x2  
  98  6:38  Baneling x3  
  98  6:39  Overlord  
  83  6:54  Zergling x18  
  83  6:55  Zergling x4  
  83  6:57  Zerg Melee Weapons Level 1  
  94  7:02  Baneling x4  
  94  7:04  Overlord x2  
  87  7:18  Zergling x24  
  94  7:34  Zergling x10  
  94  7:35  Zergling x8  
  94  7:36  Zerg Ground Armor Level 2  
  103  7:38  Queen  
  104  7:55  Drone x2  
  104  7:57  Drone x2  
  102  8:14  Baneling x5  
  102  8:15  Baneling x6  
  102  8:22  Drone x3, Extractor x3  
  102  8:23  Drone x3  
  102  8:24  Hydralisk Den, Zergling x20  
  110  8:35  Zergling x18  
  117  8:45  Zergling x10  
  116  8:50  Drone x6  
  116  8:54  Drone  
  120  8:55  Grooved Spines  
  120  9:00  Zergling x8, Infestation Pit  
  120  9:01  Zergling x14  
  124  9:07  Zergling x4  
  116  9:16  Drone  
  117  9:17  Drone x4, Extractor  
  120  9:29  Baneling x25  
  120  9:36  Overlord  
  120  9:40  Spore Crawler  
  120  9:41  Zerg Missile Weapons Level 1  
  120  9:43  Zergling x2  
  120  9:44  Zergling x30  
  135  9:46  Muscular Augments  
  118  10:08  Zergling x18  
  118  10:12  Hive  
  126  10:17  Zerg Melee Weapons Level 2  
  126  10:19  Queen  
  126  10:21  Drone x5  
  131  10:22  Extractor  
  129  10:31  Lurker Den  
  129  10:34  Zergling x38  
  146  10:45  Baneling x3  
  146  10:46  Baneling x4  
  137  10:59  Hydralisk x5  
  137  11:00  Hydralisk x5  
  156  11:23  Zergling x6  
  150  11:27  Hatchery  
  138  11:40  Overseer x3  
  138  11:41  Pneumatized Carapace  
  138  11:46  Viper x2  
  138  11:48  Seismic Spines  
  138  11:50  Zerg Missile Weapons Level 2  
  133  11:55  Zergling x34  
  133  11:59  Baneling x6  
  149  12:03  Overlord x3  
  149  12:04  Overseer x2  
  149  12:08  Baneling  
  149  12:09  Baneling x3  
  149  12:25  Baneling x6  
  149  12:27  Hatchery  
  114  12:55  Adrenal Glands  
  106  13:06  Adaptive Talons  
  106  13:08  Lurker x3  
  109  13:13  Extractor  
  109  13:14  Extractor  
  107  13:21  Lurker x3  
  107  13:22  Hydralisk x13  
  107  13:25  Hatchery  
  135  13:30  Drone x6  
  135  13:31  Zergling x20  
  135  13:32  Zergling x2  
  133  13:49  Zergling x2  
  133  13:50  Zergling x30  
  133  13:53  Baneling x6  
  139  13:57  Zergling x2  
  139  13:58  Zergling x6  
  132  14:10  Hatchery  
  120  14:17  Lurker x6  
  123  14:28  Baneling x7  
  111  14:39  Zergling x20  
  111  14:45  Zerg Missile Weapons Level 3  
  117  14:49  Drone x2  
  120  14:52  Drone  
  120  14:53  Drone  
  121  15:07  Drone  
  121  15:09  Drone  
  121  15:10  Drone x3  
  114  15:26  Lurker x3  
  114  15:27  Lurker  
  116  15:34  Zergling x28  
  116  15:35  Zergling x2  
  116  15:53  Zergling x14  
  116  15:56  Hatchery  
  122  16:00  Baneling x3  
  122  16:01  Lurker  
  122  16:02  Lurker  
  130  16:14  Hydralisk x5  
  130  16:21  Hydralisk x2, Lurker  
  131  16:27  Viper  
  132  16:39  Overlord x2  
  118  17:00  Lurker  
  119  17:03  Hydralisk  
  119  17:04  Hydralisk x8  
  134  17:14  Lurker  
  134  17:15  Lurker  
  135  17:18  Drone x14  
  149  17:25  Queen  
  149  17:29  Lurker x2  
  153  17:36  Extractor  
  152  17:38  Extractor  
  150  17:47  Infestor  
  150  17:48  Infestor x4  
  153  17:54  Zerg Melee Weapons Level 3  
  153  17:58  Drone x3  
  153  18:02  Unknown  
  130  18:28  Hydralisk x5, Lurker x2  
  130  18:29  Hydralisk x7  
  156  18:43  Overlord x3  
  156  18:53  Overlord  
  156  18:58  Zergling x4  
  155  19:09  Hatchery  
  154  19:10  Zerg Ground Armor Level 3  
  154  19:12  Lurker x3  
  154  19:13  Overseer, Overlord x2  
  154  19:14  Overseer x2  
  144  19:28  Zergling x14  
  140  19:33  Zergling x14  
  143  19:39  Zergling x6  
  133  19:53  Drone x8  
  139  20:04  Hydralisk x5  
  139  20:06  Hatchery, Queen  
  150  20:13  Hatchery  
  140  20:23  Overseer  
  140  20:32  Hydralisk  
  140  20:33  Hydralisk x8  
  155  20:36  Zergling x12  
  155  20:40  Baneling x6  
  161  20:48  Zergling x12  
  152  21:04  Drone  
  152  21:05  Drone x2  
  152  21:08  Lurker  
  152  21:09  Lurker x11  
  167  21:17  Baneling x2  
  168  21:25  Drone  
  162  21:36  Zergling x6  
  160  21:48  Overseer  
  160  21:49  Overseer  
  160  21:59  Zergling x26  
  173  22:07  Hydralisk x12  
  188  22:21  Hydralisk  
  188  22:22  Hydralisk x4  
  183  22:40  Hydralisk x3  
  183  22:41  Lurker  
  179  22:52  Hydralisk, Baneling x6  
  179  22:53  Overlord x2  
  179  22:54  Overlord  
  181  23:04  Drone  
  182  23:08  Queen  
  182  23:10  Spire, Queen  
  182  23:11  Queen  
  159  23:21  Overseer x2  
  159  23:22  Overseer  
  151  23:27  Neural Parasite  
  151  23:28  Burrow  
  151  23:29  Hydralisk, Baneling  
  151  23:30  Hydralisk x13  
  151  23:31  Infestor x3  
  186  23:36  Drone x3  
  188  23:48  Hydralisk x7  
  189  24:01  Hydralisk x3  
  186  24:16  Queen  
  183  24:18  Hydralisk x5  
  191  24:28  Hydralisk x29  
  159  25:00  Zergling x20  
  159  25:01  Zergling x18  
  176  25:10  Lurker x4  
  176  25:12  Overlord x3  
  176  25:24  Baneling x5  
  176  25:26  Hatchery  
  120  25:46  Zergling x8  
  120  25:47  Zergling x42  
  131  25:56  Hydralisk  
  133  25:58  Lurker  
  134  26:05  Hydralisk x3  
  134  26:06  Hydralisk x4  
  134  26:09  Extractor  
  147  26:13  Hydralisk  
  147  26:14  Hydralisk x5  
  147  26:18  Baneling x9  
  139  26:34  Zergling x32  
  139  26:35  Zergling x8  
  147  26:43  Zergling x6  
  147  26:44  Zergling x6  
  138  26:50  Zergling x4  
  138  26:52  Overlord x2  
  138  26:53  Overseer x2  
  136  27:05  Drone x4  
  138  27:11  Hydralisk x9  
  138  27:12  Hydralisk x2  
  159  27:16  Overseer x2  
  152  27:29  Hydralisk x6  
  148  27:34  Spore Crawler  
  156  27:42  Lurker x3  
  156  27:49  Baneling  
  156  27:50  Lurker  
  155  28:02  Spore Crawler  
  131  28:26  Lurker x2  
  128  28:30  Zergling x26  
  128  28:31  Extractor, Zergling x24  
  128  28:32  Extractor  
  133  29:00  Zergling x24  
  133  29:01  Zergling x8  
  149  29:15  Zergling x12  
  149  29:16  Zergling x8  
  159  29:29  Hydralisk x2  
  159  29:30  Hydralisk x2  
  157  29:45  Hydralisk x4  
  146  29:50  Hydralisk  
  146  29:51  Hydralisk  
  154  29:54  Overseer x4  
  139  30:07  Hydralisk  
  139  30:08  Hydralisk  
  139  30:09  Queen  
  132  30:28  Hatchery  
  132  30:32  Hydralisk x3  
  118  30:44  Hydralisk  
  118  30:45  Queen x2  
  117  30:56  Hydralisk  
Show
View Real Time Build Order
Export as new Build Order

GamerNico Terran - Winner!

Build Orders: Reaper Expand 

Get SALT Encoding   

  12  0:00  SCV  
  13  0:12  SCV  
  14  0:17  Supply Depot  
  14  0:25  SCV  
  15  0:38  SCV  
  15  0:40  Barracks  
  16  0:43  Refinery  
  16  0:50  SCV  
  17  1:03  SCV  
  18  1:15  SCV  
  19  1:26  Reaper  
  19  1:27  Orbital Command  
  20  1:40  Command Center  
  20  1:50  Barracks  
  20  1:54  SCV  
  21  1:59  Barracks Reactor  
  21  2:04  Supply Depot  
  21  2:07  SCV  
  22  2:14  Refinery  
  22  2:20  SCV  
  23  2:33  Factory  
  23  2:36  Marine x2  
  25  2:37  SCV  
  25  2:38  Barracks Tech Lab  
  26  2:50  SCV  
  27  2:52  Orbital Command  
  27  2:54  Marine x2  
  27  2:56  Marine  
  30  3:03  SCV  
  31  3:11  Marine  
  31  3:12  Marine, Stimpack  
  33  3:14  Marine  
  34  3:20  Starport  
  34  3:23  SCV  
  34  3:26  SCV  
  36  3:28  Factory Reactor  
  36  3:30  Marine x2  
  38  3:35  Marine  
  38  3:37  SCV  
  40  3:41  Supply Depot  
  40  3:46  SCV  
  40  3:48  Marine x2  
  40  3:49  SCV  
  43  3:58  SCV  
  43  4:01  SCV  
  45  4:03  Supply Depot  
  45  4:06  Medivac x2  
  45  4:07  Marine x3  
  52  4:11  SCV  
  53  4:26  Supply Depot, SCV x2  
  53  4:28  Supply Depot  
  53  4:30  Marine x3  
  58  4:40  SCV x2  
  60  4:48  Marine x3  
  60  4:50  Supply Depot  
  63  4:55  Command Center  
  63  4:57  Hellion x2  
  63  4:59  Combat Shield  
  67  5:01  SCV x2  
  68  5:18  Marine  
  68  5:19  Medivac, Marine x2, Hellion  
  68  5:20  Hellion  
  76  5:25  SCV x2  
  78  5:29  Armory  
  78  5:32  Supply Depot, Refinery  
  78  5:37  Barracks, Engineering Bay  
  78  5:38  SCV x2  
  80  5:43  Hellion x2  
  80  5:44  Marine  
  85  5:50  SCV  
  85  5:54  SCV  
  87  6:01  Marine  
  87  6:02  Liberator, Marine  
  87  6:03  Marine  
  91  6:05  SCV  
  91  6:06  SCV  
  91  6:08  Refinery  
  91  6:09  Terran Infantry Weapons Level 1  
  95  6:11  Engineering Bay  
  95  6:13  Orbital Command  
  95  6:18  SCV x2  
  94  6:25  Barracks Reactor  
  95  6:27  Widow Mine, Barracks  
  95  6:28  Widow Mine  
  99  6:35  SCV  
  100  6:40  Marine x3  
  84  6:54  SCV x2  
  84  6:55  SCV  
  87  7:02  Marine x5  
  87  7:03  Widow Mine x2, Starport Reactor  
  87  7:06  SCV  
  87  7:07  SCV  
  98  7:13  Orbital Command  
  94  7:19  SCV x2, Barracks Reactor  
  94  7:20  Marine  
  94  7:22  Barracks  
  83  7:24  Marine x4  
  87  7:32  Widow Mine x2, SCV  
  92  7:39  SCV x2  
  94  7:46  Marine x3  
  94  7:47  Medivac x2, Marine  
  94  7:50  SCV  
  103  7:51  SCV  
  103  7:55  Supply Depot  
  103  7:56  Supply Depot  
  104  7:58  Command Center  
  104  8:02  Marine x3  
  104  8:03  Widow Mine  
  109  8:06  Marine  
  109  8:15  Terran Infantry Weapons Level 2, Terran Infantry Armor Level 1  
  109  8:17  Widow Mine, SCV x3  
  109  8:18  Supply Depot  
  114  8:25  Supply Depot  
  114  8:27  Refinery  
  110  8:41  Marine x6  
  112  8:42  Barracks Reactor  
  112  8:43  Marine  
  112  8:44  Widow Mine x2  
  112  8:48  Medivac x2  
  107  8:49  SCV x3  
  104  9:14  Command Center  
  104  9:17  Marine x6  
  104  9:18  Widow Mine x2  
  104  9:21  SCV x3  
  117  9:27  Marine x2  
  117  9:28  Marine  
  117  9:30  Medivac x2  
  124  9:33  SCV x3  
  124  9:36  Barracks  
  124  9:37  Barracks  
  124  9:38  Barracks, Marine x2  
  127  9:39  Widow Mine, Marine x2, Factory  
  131  9:54  Marine x2  
  131  9:55  Marine x3  
  131  9:56  Widow Mine, Marine  
  137  10:01  Widow Mine  
  129  10:09  Marine x3  
  129  10:10  Medivac x2  
  129  10:12  Terran Infantry Armor Level 2, Marine, SCV x3  
  140  10:15  Marine x3  
  140  10:16  Marine x2  
  145  10:29  Marine  
  145  10:30  Barracks Tech Lab x2, Marine x3  
  145  10:32  Factory Reactor  
  149  10:35  Marine  
  149  10:36  Marine x3  
  149  10:37  Widow Mine x2, Marauder  
  153  10:57  Marine x2  
  153  10:58  Marine x3  
  153  11:04  Supply Depot, Marine x3  
  158  11:05  Barracks Tech Lab, Command Center, Marauder  
  158  11:07  Terran Infantry Weapons Level 3, SCV  
  164  11:11  SCV x2  
  164  11:12  Marauder x2  
  164  11:15  Widow Mine x4, Marine  
  179  11:18  Starport  
  179  11:21  Ghost Academy  
  173  11:29  Marine x2  
  173  11:30  Marine x5  
  173  11:31  Marauder  
  178  11:38  Marine x2  
  178  11:39  Marauder x2  
  176  11:41  Planetary Fortress  
  176  11:48  Widow Mine x3  
  176  11:49  Widow Mine  
  176  11:52  Marauder  
  186  12:05  SCV  
  186  12:07  SCV  
  188  12:15  SCV  
  189  12:17  Supply Depot x2, SCV  
  189  12:18  Supply Depot, Command Center  
  163  12:32  Marine x6  
  163  12:33  Marine x2, Marauder x4  
  173  12:54  Marine x4  
  173  12:55  Marine x2, Marauder x3  
  172  13:04  Marine x3  
  172  13:05  Widow Mine x4, Liberator x2  
  175  13:08  Starport x2, Refinery, Concussive Shells  
  175  13:10  Refinery  
  175  13:11  Planetary Fortress  
  175  13:12  Marine  
  182  13:16  Marine x3, Marauder  
  187  13:22  Starport Reactor  
  187  13:23  Missile Turret x2  
  187  13:25  Missile Turret  
  187  13:26  Terran Infantry Armor Level 3  
  187  13:27  Missile Turret  
  171  13:55  Marine x4  
  168  13:56  Marauder x3  
  168  13:58  Marauder  
  161  14:10  Marine x3  
  161  14:11  Widow Mine, Marine  
  161  14:12  Widow Mine x2  
  163  14:17  Liberator x2, Marauder x3  
  163  14:18  Liberator x2  
  163  14:21  Refinery, Starport Tech Lab  
  163  14:22  Refinery, Starport Tech Lab  
  173  14:25  Terran Ship Weapons Level 1, Armory  
  173  14:30  Marine x2  
  173  14:31  Marine x3  
  170  14:42  Marine x2  
  170  14:43  Marine x3, Marauder  
  170  14:44  Widow Mine x4  
  170  14:45  Viking x2  
  174  14:46  Planetary Fortress  
  174  14:57  Marine x4  
  178  15:00  Medivac x3  
  178  15:01  Medivac  
  178  15:03  Marine x3  
  178  15:04  Marauder x2  
  193  15:11  Marine x3  
  182  15:28  Marine  
  182  15:29  Marine x2, Marauder  
  164  15:44  Ghost x2  
  164  15:45  Ghost  
  164  15:47  Medivac x4  
  164  15:48  Medivac  
  164  15:49  Terran Vehicle And Ship Armor Level 1  
  180  16:08  Command Center  
  176  16:21  Raven x2  
  177  16:27  Command Center  
  177  16:29  Refinery, Command Center  
  144  16:57  Marine x5  
  144  16:58  Marine, Marauder x3  
  144  17:00  Marine, Ghost  
  144  17:01  Marine  
  151  17:15  Marine  
  151  17:16  Marine x3  
  151  17:17  Widow Mine x4  
  151  17:18  Ghost  
  151  17:19  Refinery x2  
  151  17:22  Terran Ship Weapons Level 2  
  166  17:23  Neosteel Armor, Hi-Sec Auto Tracking, Fusion Core  
  166  17:28  Missile Turret  
  166  17:30  Missile Turret  
  166  17:32  Planetary Fortress  
  166  17:33  Missile Turret  
  166  17:37  Missile Turret  
  166  17:38  Missile Turret  
  166  17:41  Missile Turret  
  166  17:43  Marine x4, Missile Turret  
  166  17:44  Marine x2, Marauder x3  
  178  17:48  Marauder  
  180  17:53  Personal Cloaking  
  180  17:54  Missile Turret  
  180  17:55  Terran Vehicle And Ship Armor Level 2  
  180  18:05  Marauder  
  148  18:26  Marine x7  
  148  18:27  Widow Mine, Marine, Marauder x4  
  153  18:28  Widow Mine x3  
  153  18:29  Medivac x2  
  155  18:48  Marauder  
  149  18:49  Marine x3  
  149  18:50  Marine, Marauder x2  
  157  19:05  Marine x4  
  157  19:06  Widow Mine x3, Marauder  
  157  19:07  Widow Mine, Marine x2  
  157  19:09  Marauder  
  169  19:11  Ghost, Marauder  
  174  19:19  Nuke  
  159  19:26  Ghost  
  159  19:30  Ghost  
  158  19:31  Marine x3  
  158  19:32  Marine x5, Ghost  
  158  19:33  Viking x3  
  173  19:40  Ghost  
  150  20:00  Orbital Command x2  
  146  20:20  Sensor Tower  
  136  20:22  Ghost x4  
  136  20:26  Missile Turret, Command Center  
  136  20:27  Missile Turret  
  136  20:28  Sensor Tower  
  139  20:35  Marine x2  
  139  20:36  Marine x5  
  139  20:37  Liberator x4, Viking  
  154  20:43  Terran Ship Weapons Level 3  
  140  21:00  Marine x3  
  140  21:01  Marine x4, Marauder x4  
  146  21:17  Marine  
  146  21:18  Marine  
  147  21:19  Battlecruiser  
  147  21:22  Battlecruiser  
  160  21:46  Marine  
  160  21:47  Marine x6  
  155  21:48  Marauder  
  155  21:50  Marine x2  
  155  21:51  Widow Mine x4, Liberator x3  
  174  22:14  Ghost x3  
  150  22:29  Marine x2  
  152  22:33  Marine x2  
  152  22:37  Terran Vehicle And Ship Armor Level 3  
  152  22:42  Marine  
  152  22:43  Marine x3  
  152  22:44  Battlecruiser x2  
  156  23:01  Marine x5, Ghost  
  156  23:02  Ghost x3  
  163  23:30  Ghost x2  
  163  23:32  Weapon Refit  
  169  23:34  Medivac x3  
  169  23:38  Starport, Orbital Command  
  169  23:39  Refinery x2, Starport  
  147  24:10  Marine x3  
  147  24:11  Marine, Marauder x3  
  147  24:16  Battlecruiser x2, Liberator  
  147  24:17  Liberator  
  163  24:28  Viking x2  
  166  24:36  Ghost x4  
  166  24:38  Marine x3  
  166  24:39  Marine x4  
  173  24:49  Marine  
  173  24:50  Widow Mine x4  
  182  24:56  Marine x2  
  184  25:05  Marauder x4  
  182  25:11  Marine  
  182  25:12  Advanced Ballistics, Marine x5  
  182  25:13  Widow Mine x4  
  196  25:26  Marauder x2  
  199  25:34  Widow Mine  
  167  25:46  Marine  
  167  25:47  Marine x4, Marauder x2  
  167  25:48  Marauder  
  155  25:54  Marine x3  
  155  25:55  Marauder  
  160  25:58  Widow Mine  
  160  25:59  Widow Mine x3, Medivac x4  
  176  26:08  Ghost x2  
  176  26:09  Marauder  
  184  26:15  Ghost  
  187  26:29  Ghost  
  166  26:46  Battlecruiser x2  
  160  27:01  Liberator x4  
  158  27:02  Marine x2  
  158  27:03  Marine x6  
  158  27:04  Widow Mine x3  
  158  27:05  Widow Mine  
  167  27:29  Starport Tech Lab x2  
  158  27:34  Widow Mine x4  
  161  28:01  Battlecruiser x3  
  179  28:10  Marine  
  156  28:55  Battlecruiser  
  152  29:05  Battlecruiser x2  
  152  29:08  Battlecruiser  
  142  30:07  Battlecruiser  
  142  30:12  Battlecruiser x2  
  147  30:52  Widow Mine x4  
  155  31:09  Marine x3  
Tags
 
Add a new tag
Caveats
  • Supply blocks, unpowered buildings, or Contaminate may cause inaccurate times.
  • Supply counts are checked every 10 seconds.